 Dungeon Crawl Stone Soup version 0.30-a0-1085-g990a428a5c (webtiles) character file.

Game seed: 219491526916255895

72 LobsterGuardian the Insei (level 3, -6/28 HPs)
             Began as a Demigod Transmuter on Apr 17, 2023.
             Killed by divine providence
             ... invoked by an orc priest
              (13 damage)
             ... on level 3 of the Dungeon.
             The game lasted 00:05:03 (2446 turns).

LobsterGuardian the Insei (Demigod Transmuter)      Turns: 2446, Time: 00:05:04

Health: -6/28      AC:  3    Str: 11    XL:     3   Next: 82%
Magic:  9/9        EV: 12    Int: 15    God:
Gold:   165        SH:  0    Dex: 18    Spells: 0/6 levels left

rFire   . . .      SeeInvis .      - Unarmed
rCold   . . .      Faith    .    (no shield)
rNeg    . . .      Spirit   .    i - +0 leather armour
rPois   .          Reflect  .    g - melded +2 hat
rElec   .          Rampage  .    (no cloak)
rCorr   .                        (no gloves)
Will    .....                    (boots currently unavailable)
Stlth   +                        (no amulet)
HPRegen 0.24/turn                (no ring)
MPRegen 0.11/turn                (no ring)

@: appendages (expiring)
A: horns 2, talons 2, high MP 1, forlorn, divine attributes
a: End Transformation


You were on level 3 of the Dungeon.
You had temporarily grown beastly horns and talons.
You visited 1 branch of the dungeon, and saw 3 of its levels.

You collected 165 gold pieces.

Inventory:

Armour
 g - a +2 hat (melded)
 i - a +0 leather armour (worn)
Scrolls
 a - a scroll of identify
 c - a scroll of poison {unknown}
 f - a scroll of teleportation
 h - a scroll of enchant weapon
 m - a scroll of amnesia {unknown}
Potions
 b - 2 potions of lignification
 d - 3 potions of mutation {unknown}
 e - a potion of magic
 j - a potion of curing
 k - a potion of heal wounds
 l - a potion of resistance


   Skills:
 + Level 1.2 Fighting
 + Level 0.1 Armour
 + Level 2.1 Dodging
 + Level 0.2 Stealth
 * Level 3.5 Unarmed Combat
 + Level 2.3 Spellcasting
 + Level 2.1 Transmutations


You couldn't memorise any spells.
You knew the following spells:

 Your Spells              Type           Power      Damage    Failure   Level
a - Beastly Appendage     Tmut           16%        N/A       12%         1
b - Wereblood             Tmut           8%         N/A       17%         2
c - Spider Form           Tmut/Pois      5%         N/A       47%         3

Your spell library contained the following spells:

 Spells                   Type           Power      Damage    Failure   Level
 Necrotise                Necr           4%         1d4       28%         1
 Vampiric Draining        Necr           1%         2d6       65%         3
 Ice Form                 Ice/Tmut       5%         N/A       87%         4
 Agony                    Necr           1%         N/A       100%        5


Dungeon Overview and Level Annotations

Branches:
Dungeon (3/15)


Innate Abilities, Weirdness & Mutations

You have temporarily grown beastly horns and talons.
You have an increased reservoir of magic. (+10% MP)
You shall have no god before yourself.
Your divine heritage dramatically boosts your attributes as you level up.


Message History

The orc priest begins to cast a cantrip, but forgets the words!
You grow a pair of large bovine horns.
Your feet morph into talons.
Your +2 hat melds into your body.
The orc priest closely misses you.
You hit the orc priest.
The orc priest is heavily wounded.
The orc priest looks braver for a moment.
You hit the orc priest but do no damage.
Your kick misses the orc priest.
The orc priest is heavily wounded.
The orc priest hits you with a +0 hand axe.
You hit the orc priest but do no damage.
The orc priest is heavily wounded.
Your transformation is almost over.
The orc priest closely misses you.
You closely miss the orc priest.
The orc priest is heavily wounded.
The orc priest barely misses you.
You barely miss the orc priest.
The orc priest is heavily wounded.
The orc priest hits you with a +0 hand axe.
You hit the orc priest. You claw the orc priest.
Your headbutt misses the orc priest.
The orc priest is severely wounded.
The orc priest calls down the wrath of Beogh upon you.
Pain shoots through your body!
Ouch! That really hurt!
* * * LOW HITPOINT WARNING * * *
You closely miss the orc priest. Your kick misses the orc priest.
The orc priest is severely wounded.
The orc priest barely misses you.
You hit the orc priest but do no damage.
You claw the orc priest.
The orc priest is almost dead.
The orc priest barely misses you.
You barely miss the orc priest.
The orc priest is almost dead.
The orc priest mumbles some strange prayers to Beogh against you.
Beogh smites you!
You die...

...............#...woo.)...#.###.
#####.####.....#...........#.....
...........................#.####
######.###).####...........#.# ..
#.........#...........#.# ##
#..#..###.#...........#.# .
#.....# #.#.#.#########.# #
#.....###.#o#. #.# #......##.#@#
#.# #..<......#.# #.####
#......####.# #.....
#..........)# ######
##########..# .....# ###..## ..>#
####


You could see an orc priest.

Vanquished Creatures
  An adder (D:3)
  2 dart slugs
  6 orcs (D:3)
  5 endoplasms
  A giant cockroach (D:1)
  3 goblins
  6 hobgoblins
  3 quokkas
  2 ball pythons
  7 bats
  8 kobolds
  5 rats
49 creatures vanquished.

Notes
Turn   | Place    | Note
-------+----------+-------------------------------------------
     0 | D:1      | LobsterGuardian the Demigod Transmuter began the quest for
                  | the Orb.
     0 | D:1      | Reached XP level 1. HP: 15/15 MP: 5/5
   123 | D:1      | Reached skill level 3 in Unarmed Combat
   148 | D:1      | Reached skill level 1 in Fighting
   176 | D:1      | You fall into a shaft and drop 1 floor!
   198 | D:2      | Reached XP level 2. HP: 15/23 MP: 7/7
   201 | D:2      | Learned a level 2 spell: Wereblood
  1268 | D:2      | Reached XP level 3. HP: 28/28 MP: 6/8
  1633 | D:2      | Learned a level 3 spell: Spider Form
  2077 | D:3      | Noticed an angel
  2446 | D:3      | Killed from afar by an orc priest

Illustrated notes

Levels and vault maps discovered:
D:1:      sevenhm_arrival_forest_fort_small_6, layout_basic
D:2:      layout_basic, shapermc_ecumenical_altar_mp_urbaneastern,
          dk_noncrumbling_4, minmay_misc_feat_four_crosses
D:3:      layout_basic, zin_angel, minivault_25, skrybe_limestone_x

Skill      XL: |  1  2 |
---------------+-------+-----
Unarmed Combat | 3 |  3.5
Fighting       | 1 |  1.2
Dodging        | 2 |  2.1
Spellcasting   | 2 |  2.3
Transmutations | 2 |  2.1
Armour         | |  0.1
Stealth        | |  0.2

Action                     || total
---------------------------++-------
  Melee: Unarmed           ||   131
         Kick              ||    29
         Headbutt          ||    15
         Punch             ||     2
   Cast: Beastly Appendage ||    34
         Wereblood         ||     1
    Use: Scroll            ||     6
         Potion            ||     2
   Stab: Sleeping          ||     1
 Armour: Robe              ||     5
         Leather armour    ||    24
  Dodge: Dodged            ||    78

Table legend: (Time is in decaauts)
 A = Elapsed time spent in this place.
 B = Non-inter-level travel time spent in this place.
 C = Inter-level travel time spent in this place.
 D = Time resting spent in this place.
 E = Time spent auto-exploring this place.
 F = Levels seen in this place.
 G = Mean time per level.
                   A        B        C        D        E       F      G
               +--------+--------+--------+--------+--------+-----+--------+
         Total |   2438 |   2381 |     57 |     74 |   1922 |   3 |  812.7 |
       Dungeon |   2438 |   2381 |     57 |     74 |   1922 |   3 |  812.7 |
               +--------+--------+--------+--------+--------+-----+--------+

Top non-repeatable levels by time:
     D:2: 927 daAuts
     D:1: 803 daAuts
     D:3: 707 daAuts
